Map: Frozen Temple

Players

Gracz

  • Race: Zerg Zerg
  • League: Silver

DGT - Winner!

  • Race: Terran Terran
  • League: Silver

VOD

Have the link to the VOD?

Description

Time

  • Played on: Oct. 29, 2016, 10:04 a.m.
  • Length: 6:09
Show
View Real Time Build Order
Export as new Build Order

Gracz Zerg 

Build Orders: Hatch First 

Get SALT Encoding   

  12  0:03  Drone  
  13  0:13  Drone  
  14  0:17  Overlord  
  14  0:45  Drone  
  15  0:51  Unknown, Hatchery  
  14  1:10  Spawning Pool  
  13  1:11  Drone  
  13  1:12  Drone  
  13  1:17  Drone  
  16  1:31  Drone  
  17  1:36  Extractor  
  17  1:39  Drone  
  17  1:53  Drone  
  18  2:02  Unknown  
  18  2:07  Drone  
  18  2:08  Roach Warren, Drone x2  
  21  2:09  Queen  
  21  2:11  Queen  
  24  2:20  Overlord  
  24  2:30  Drone x3  
  27  2:38  Evolution Chamber  
  27  2:40  Drone  
  27  2:41  Drone  
  28  2:48  Extractor  
  27  2:53  Lair  
  27  2:58  Drone  
  28  3:01  Drone  
  29  3:24  Drone x2  
  29  3:25  Drone x5  
  36  3:29  Overlord x2  
  36  4:03  Spire  
  36  4:07  Hydralisk Den  
  34  4:12  Evolution Chamber, Drone x5  
  34  4:14  Extractor  
  34  4:16  Extractor  
  36  4:26  Unknown, Hatchery  
  36  4:27  Queen  
  37  4:35  Drone x2  
  37  4:37  Infestation Pit  
  37  4:38  Drone x2  
  40  5:00  Drone  
  40  5:01  Drone x7  
  48  5:26  Overlord x3  
  45  5:35  Roach x4  
  44  5:37  Unknown  
Show
View Real Time Build Order
Export as new Build Order

DGT Terran - Winner!

Build Orders:  

Get SALT Encoding   

  12  0:01  SCV  
  13  0:13  SCV  
  14  0:21  Supply Depot  
  14  0:25  SCV  
  15  0:31  Refinery  
  15  0:43  SCV  
  15  0:47  Barracks  
  16  0:55  SCV  
  17  1:05  Barracks  
  17  1:07  SCV  
  18  1:24  SCV  
  19  1:36  Marine  
  20  1:40  Factory  
  20  1:41  Orbital Command  
  20  1:53  Refinery  
  20  1:55  Barracks Reactor  
  20  2:02  Supply Depot  
  20  2:04  Marine  
  21  2:10  SCV  
  22  2:25  Widow Mine  
  24  2:33  Starport  
  24  2:34  Marine x2  
  26  2:42  Barracks Tech Lab, Supply Depot  
  26  2:45  SCV  
  27  2:53  Widow Mine  
  27  2:54  Marine  
  27  2:55  Marine  
  31  3:07  SCV  
  31  3:11  Starport Reactor  
  32  3:14  Marauder  
  32  3:19  Stimpack  
  34  3:29  Supply Depot  
  34  3:31  Widow Mine  
  34  3:33  Marine  
  37  3:34  Marine  
  37  3:36  SCV  
  39  3:51  Medivac  
  39  3:52  Supply Depot  
  41  4:06  Marine x2  
  41  4:07  Medivac  
  45  4:11  Factory Tech Lab  
  45  4:17  Supply Depot  
  45  4:42  Unknown, Command Center  
  45  4:46  Siege Tank  
  48  4:58  Marine x2  
  50  5:04  Marauder  
  50  5:05  Medivac  
  54  5:08  SCV  
  54  5:13  Supply Depot  
  55  5:16  Marine x2  
  57  5:54  Unknown  
Tags
 
Add a new tag
Caveats
  • Supply blocks, unpowered buildings, or Contaminate may cause inaccurate times.
  • Supply counts are checked every 10 seconds.